[Event "Team 45 45 League T29"]
[Site "Free Internet Chess Server"]
[Date "2005.12.26"]
[Round "2"]
[White "GadsHill"]
[Black "Ivanuk"]
[Result "0-1"]
[WhiteElo "1723"]
[BlackElo "1603"]
[TimeControl "2700+45"]

1. d4 d5 2. c4 e6 3. Nc3 Nf6 4. cxd5 Nxd5 5. e4 Nf6 6. Bg5 Be7 7. Nf3 Nfd7 8. Bxe7 Qxe7 9. e5 b6 10. Bd3 Bb7 11. O-O Nc6 12. Rc1 a6 13. Re1 Rd8 14. Qe2 O-O 15. d5 Nb4 16. Bb1 Nxd5 17. Nxd5 Bxd5 18. Rxc7 b5 19. Rec1 Ra8 20. Nd2 Rad8 21. Ne4 Bxe4 22. Qxe4 g6 23. Qb7 Qe8 24. Qxa6 Nxe5 25. Be4 Nd3 26. Bc6 Nxc1 27. g3 Rd1+ 28. Kg2 Qb8 29. Qa7 Qxa7 30. Rxa7 b4 31. Rb7 Rd4 32. a3 bxa3 33. bxa3 Rc4 34. Bb5 Rc5 35. a4 Nb3 36. Rd7 Rd5 37. Ra7 Nd4 38. Bc4 Rc5 39. Bd3 Nc6 40. Rc7 Ne5 41. Rxc5 Nxd3 42. Rc3 Nb4 43. a5 Ra8 44. Ra3 Nc6 45. Kf3 Rxa5 46. Rxa5 Nxa5 47. h4 Kg7 48. Ke4 Nc6 49. g4 f5+ 50. Kf4 fxg4 51. Kxg4 Kf6 52. Kf4 Nd4 53. f3 Nf5 54. Kg4 e5 55. Kh3 Ne3 56. Kg3 Kf5 57. Kf2 Kf4 58. Ke2 Ng2 59. Kf2   {White resigns} 0-1

[Event "Team 45 45 League T29"]
[Site "Free Internet Chess Server"]
[Date "2005.12.28"]
[Round "2"]
[White "Eshin"]
[Black "MattBinMi"]
[Result "0-1"]
[WhiteElo "1488"]
[BlackElo "1592"]
[TimeControl "2700+45"]

1. e4 d5 2. exd5 Nf6 3. Nf3 Bg4 4. Nc3 Nxd5 5. Nxd5 Qxd5 6. Be2 Nc6 7. O-O e5 8. c4 Qd6 9. Nh4 Bxe2 10. Qxe2 Nd4 11. Qe4 Be7 12. Nf5 Nxf5 13. Qxf5 g6 14. Qe4 O-O-O 15. b3 f5 16. Qe3 Qd4 17. Rb1 Rhe8 18. Bb2 Qxe3 19. dxe3 e4 20. Rbd1 h5 21. Bd4 g5 22. f3 exf3 23. Rxf3 c5 24. Rxf5 cxd4 25. exd4 Rf8 26. Rxf8 Rxf8 27. Rf1 Rd8 28. Rf7 Bb4 29. d5 h4 30. Kf2 Rf8 31. Rxf8+ Bxf8 32. Kf3 Kd7 33. Kg4 Be7 34. g3 Kd6 35. Kf5 a6 36. a4 b6 37. Ke4 Kc5 38. gxh4 gxh4 39. h3 Kb4 40. Ke5 Kxb3 41. Ke6 Ba3 42. d6 Bc1 43. d7 Bg5 44. Kf7 Kxc4 45. Ke8 b5 46. axb5 axb5 47. d8=Q Bxd8 48. Kxd8 b4   {White resigns} 0-1

[Event "Team 45 45 League T29"]
[Site "Free Internet Chess Server"]
[Date "PST.01.0"]
[Round "2"]
[White "wekabird"]
[Black "Halogenic"]
[Result "1-0"]
[WhiteElo "1438"]
[BlackElo "1440"]
[TimeControl "2700+45"]

1. c4 e5 2. e3 c6 3. a3 d5 4. cxd5 cxd5 5. Ne2 Nf6 6. g3 Be7 7. h3 Nc6 8. Bg2 Be6 9. O-O O-O 10. Nbc3 d4 11. exd4 exd4 12. Ne4 Nxe4 13. Bxe4 f5 14. Bg2 Bd5 15. f3 d3 16. Nf4 Bc4 17. b3 Qb6+ 18. Kh1 Qxb3 19. Qxb3 Bxb3 20. Nxd3 Bc4 21. Nf4 Bxf1 22. Bxf1 Bf6 23. Rb1 b6 24. Bb2 Bxb2 25. Rxb2 Rfe8 26. Rb1 Rad8 27. Bb5 Rd6 28. Rc1 Rc8 29. d3 Ne7 30. Re1 Kf8 31. Ne6+ Kg8 32. Bc4 Ng6 33. Ng5+ Rxc4 34. dxc4 Kf8 35. Nxh7+ Kf7 36. Ng5+ Kf6 37. f4 Ne7 38. g4 g6 39. gxf5 Nxf5 40. Ne4+ Kg7 41. Nxd6 Nxd6 42. Re7+ Kf6 43. Rxa7 Nxc4 44. a4 Kf5 45. Rc7 Na5 46. Rf7+ Ke6 47. Rc7 Kf5 48. Rf7+ Ke6 49. Rf8 Ke7 50. Rh8 Kf6 51. Kg2 Nc4 52. Kg3 Nb2 53. Ra8 Kf5 54. h4 Nd3 55. Ra6 Nxf4 56. Rxb6 Nh5+ 57. Kf3 Nf4 58. Rb5+   {Black resigns} 1-0

[Event "Team 45 45 League T29"]
[Site "Free Internet Chess Server"]
[Date "2005.12.29"]
[Round "2"]
[White "kosu"]
[Black "Woodchuck"]
[Result "1-0"]
[WhiteElo "1611"]
[BlackElo "1656"]
[TimeControl "2700+45"]

1. e4 c5 2. d4 cxd4 3. c3 Nf6 4. e5 dxc3 5. exf6 cxb2 6. Bxb2 exf6 7. Nc3 Be7 8. Rc1 O-O 9. Nf3 Re8 10. Be2 Qb6 11. Ba1 Nc6 12. O-O Bc5 13. Na4 Qa5 14. Rxc5 Qc7 15. Nd4 b6 16. Nb5 Qd8 17. Rc2 Bb7 18. Nd6   {Black resigns} 1-0

[Event "Team 45 45 League T29"]
[Site "Free Internet Chess Server"]
[Date "2005.12.26"]
[Round "2"]
[White "Cilia"]
[Black "OldFlyer"]
[Result "1-0"]
[WhiteElo "1615"]
[BlackElo "1544"]
[TimeControl "2700+45"]

1. c4 e5 2. Nc3 d6 3. g3 Nf6 4. Bg2 c6 5. Nf3 Be7 6. d4 Nbd7 7. O-O O-O 8. e4 a6 9. b4 b5 10. c5 exd4 11. Qxd4 dxc5 12. bxc5 Bxc5 13. Qd3 Nb6 14. Qe2 Be6 15. Rd1 Qc8 16. Ne5 Ra7 17. Be3 Bxe3 18. Qxe3 Rb7 19. Rd6 Nc4 20. Nxc4 Bxc4 21. e5 Re8 22. Bxc6 Ng4 23. Qd4 Nxe5 24. Bxb7 Nf3+ 25. Bxf3 Qb8   {Black resigns} 1-0

[Event "Team 45 45 League T29"]
[Site "Free Internet Chess Server"]
[Date "PST.01.0"]
[Round "2"]
[White "pedrotlima"]
[Black "GBate"]
[Result "1-0"]
[WhiteElo "1527"]
[BlackElo "1569"]
[TimeControl "2700+45"]

1. e4 c5 2. Nf3 d6 3. Bd3 Nf6 4. c3 g6 5. Bc2 Bg7 6. d4 cxd4 7. cxd4 O-O 8. O-O Nc6 9. Be3 Bd7 10. Nc3 a6 11. Rc1 Rc8 12. Qd2 Ng4 13. Bf4 Na5 14. h3 Nc4 15. Qe2 Nf6 16. Bd3 Na5 17. Qe3 Nc4 18. Bxc4 Rxc4 19. Bh6 Qc7 20. e5 dxe5 21. dxe5 Qc6 22. Bxg7 Kxg7 23. exf6+ exf6 24. Nd4 Qc5 25. Rfd1 Re8 26. Qd3 Rc8 27. Nb3 Qf5 28. Qxd7   {Black resigns} 1-0

[Event "Team 45 45 League T29"]
[Site "Free Internet Chess Server"]
[Date "2005.12.26"]
[Round "2"]
[White "Fromper"]
[Black "dianabutterfly"]
[Result "1-0"]
[WhiteElo "1552"]
[BlackElo "1365"]
[TimeControl "2700+45"]

1. e4 e6 2. d4 d5 3. Nc3 Bb4 4. e5 Bd7 5. a3 Bxc3+ 6. bxc3 Ne7 7. Bd3 Nbc6 8. Nf3 Na5 9. Qe2 c5 10. dxc5 Nec6 11. Bg5 Qc7 12. O-O a6 13. Rae1 Na7 14. Qe3 Bb5 15. Nd2 Rc8 16. f4 Qxc5 17. Qd4 b6 18. Kh1 Qxd4 19. cxd4 N7c6 20. Bxb5 axb5 21. c3 Ne7 22. Rb1 Rxc3 23. Rxb5 Nf5 24. Rxb6 O-O 25. Nf3 Nc4 26. Ra6 Nxa3 27. Ra1 Rd3 28. R6xa3 Rxa3 29. Rxa3 h6 30. Bh4 Kh7 31. g4 Nxh4 32. Nxh4 g6 33. Kg2 Rc8 34. Ra7 Kg7 35. f5 gxf5 36. gxf5 Rc4 37. fxe6 Rc2+ 38. Kg3   {Black resigns} 1-0

[Event "Team 45 45 League T29"]
[Site "Free Internet Chess Server"]
[Date "2005.12.26"]
[Round "2"]
[White "Superselector"]
[Black "BigMarauder"]
[Result "1-0"]
[WhiteElo "1996"]
[BlackElo "1766"]
[TimeControl "2700+45"]

1. e4 c5 2. Nf3 d6 3. d4 cxd4 4. Nxd4 Nf6 5. Nc3 a6 6. f3 e6 7. Be3 b5 8. Qd2 Nbd7 9. g4 h6 10. O-O-O Bb7 11. h4 Ne5 12. Be2 Rc8 13. g5 Nfd7 14. f4 Nc4 15. Bxc4 Rxc4 16. g6 Qf6 17. gxf7+ Kxf7 18. f5 Rxd4 19. Bxd4 e5 20. Be3 Qd8 21. Nd5 Nf6 22. Qg2 Bxd5 23. exd5 Qd7 24. Qg6+ Ke7 25. Bg5 hxg5 26. hxg5 Rxh1 27. gxf6+ gxf6 28. Rxh1 Kd8 29. Qg8 Qg7 30. Qxg7 Bxg7 31. Rh7 Bf8 32. Ra7 Bh6+ 33. Kd1 Be3 34. Rxa6 Bc5 35. Ke2 Kc7 36. Ra8 Kd7 37. Kd3 b4 38. b3 Ke7 39. c3 e4+ 40. Kxe4 bxc3 41. Kd3 Bb4 42. a3   {Black resigns} 1-0

[Event "Team 45 45 League T29"]
[Site "Free Internet Chess Server"]
[Date "2005.12.27"]
[Round "2"]
[White "xboard"]
[Black "bahus"]
[Result "1-0"]
[WhiteElo "1685"]
[BlackElo "1804"]
[TimeControl "2700+45"]

1. e4 e5 2. Nf3 Nf6 3. Nxe5 d6 4. Nf3 Nxe4 5. Nc3 Nxc3 6. dxc3 Be7 7. Be3 Be6 8. Nd4 O-O 9. Qf3 c6 10. Nxe6 fxe6 11. Qe4 Qd7 12. Bd3 g6 13. O-O-O d5 14. Qe5 c5 15. Bh6 Bf6 16. Qe3 Rf7 17. Qxc5 Nc6 18. h4 b6 19. Qe3 Ne5 20. h5 Ng4 21. Qg3 Nxh6 22. hxg6 Rg7 23. Rxh6 hxg6 24. Rdh1 Rd8 25. Bxg6 Kf8 26. Rh7 d4 27. Rxg7 Bxg7 28. Qf4+ Kg8 29. Bh7+ Kh8 30. Bg6+ Kg8 31. Bh7+ Kh8 32. Qg4 Qe7 33. Bf5+ Kg8 34. Bxe6+ Kf8 35. Rh8+   {Black resigns} 1-0

[Event "Team 45 45 League T29"]
[Site "Free Internet Chess Server"]
[Date "2005.12.26"]
[Round "2"]
[White "MattBinMi"]
[Black "CelticDeath"]
[Result "0-1"]
[WhiteElo "1609"]
[BlackElo "1808"]
[TimeControl "2700+45"]

1. e4 d5 2. exd5 Nf6 3. d4 Bg4 4. f3 Bf5 5. Nc3 c6 6. g4 Bg6 7. Nge2 cxd5 8. Nf4 e6 9. a3 Nc6 10. Bb5 Bd6 11. Nce2 Qa5+ 12. Nc3 Qc7 13. Bxc6+ Qxc6 14. Qe2 Bxf4 15. Bxf4 O-O 16. h4 h5 17. g5 Nd7 18. Be5 Nxe5 19. Qxe5 Bxc2 20. Rc1 Bf5 21. Rg1 Qb6 22. Na4 Qb3 23. Nc5 Qxb2 24. Qe3 Rac8 25. Qc3 Qxc3+ 26. Rxc3 b6 27. Na4 Rxc3 28. Nxc3 Rc8 29. Nb5 Rc1+ 30. Kf2 Rxg1 31. Kxg1 a5 32. Kf2 Bd3 33. Nd6 Kf8 34. Ke3 Ba6 35. a4 Ke7 36. Nb5 Bxb5 37. axb5 Kd6 38. f4 f6 39. g6 e5 40. fxe5+ fxe5 41. Kd3 e4+ 42. Ke3 a4   {White resigns} 0-1

[Event "Team 45 45 League T29"]
[Site "Free Internet Chess Server"]
[Date "2005.12.28"]
[Round "2"]
[White "vandy"]
[Black "AlefZero"]
[Result "1/2-1/2"]
[WhiteElo "1897"]
[BlackElo "2216"]
[TimeControl "2700+45"]

1. d4 Nf6 2. c4 e6 3. Nc3 Bb4 4. Nf3 c5 5. e3 Nc6 6. Be2 Ne4 7. Qd3 d5 8. O-O Bxc3 9. bxc3 O-O 10. Ba3 Qa5 11. cxd5 exd5 12. c4 Bf5 13. Bxc5 Rfd8 14. Rfc1 Bg6 15. Qa3 Nxc5 16. Qxc5 Qxc5 17. dxc5 dxc4 18. Rxc4 Rac8 19. Nd4 Na5 20. Rc3 Be4 21. Rac1 Nc6 22. Nb5 Rd2 23. Bc4 Bd5 24. Nd6 Rc7 25. R3c2 Rxc2 26. Rxc2 Nb4 27. Rb2 Bxc4 28. Rxb4 Bd5 29. h3 g6 30. e4 Bxa2 31. Rxb7 Rxc5 32. Rxa7 Be6 33. g4 h5 34. f3 Kg7 35. Kg2 h4 36. Ra1 Rc2+ 37. Kg1 Rc3 38. Rf1 Kf6 39. Kg2 Ke5 40. Nb5 Rc5 41. Na3   {Game drawn by mutual agreement} 1/2-1/2

[Event "Team 45 45 League T29"]
[Site "Free Internet Chess Server"]
[Date "2005.12.25"]
[Round "2"]
[White "mapipichess"]
[Black "JoveUranium"]
[Result "0-1"]
[WhiteElo "1803"]
[BlackElo "1864"]
[TimeControl "2700+45"]

1. e4 e5 2. f4 exf4 3. Nf3 g5 4. h4 g4 5. Ne5 Qe7 6. d4 d6 7. Nxg4 Qxe4+ 8. Qe2 Qe7 9. Qxe7+ Bxe7 10. Nf2 Nc6 11. c3 Nf6 12. Bxf4 Nh5 13. Nd3 Bf5 14. g3 O-O-O 15. Nf2 Rde8 16. Be2 Bf6 17. Kd1 Nxf4 18. gxf4 Rhg8 19. Bf3 Nxd4 20. Bd5 Re7 21. Na3 Ne2 22. Bxf7 Rg2 23. Rf1 Ng3 24. Bd5 Nxf1 25. Bxg2 Ne3+ 26. Kd2 Nxg2 27. Rg1 Nxh4 28. Rg3 Rg7 29. Re3 Kd7 30. Nb5 Rg2 31. Ke1 Rg7 32. Kd2 h5 33. Nd4 Bxd4 34. cxd4 Ng2 35. Rb3 b6 36. Ra3 a5 37. Rf3 h4 38. a3 Rg3 39. Rxg3 hxg3 40. Nh1 Nxf4 41. Nxg3 Be6 42. b4 axb4 43. axb4 Nd5 44. b5 Nf4 45. Kc3 Nd5+ 46. Kb3 Ke7 47. Ka4 Bd7 48. Ne4 Nf6 49. Nc3 Ke6 50. Ne2 Nd5   {White resigns} 0-1

[Event "Team 45 45 League T29"]
[Site "Free Internet Chess Server"]
[Date "2005.12.29"]
[Round "2"]
[White "szachmatt"]
[Black "pollock"]
[Result "1-0"]
[WhiteElo "1640"]
[BlackElo "1779"]
[TimeControl "2700+45"]

1. e4 c5 2. Nc3 d6 3. f4 Nc6 4. Nf3 Qc7 5. g3 Nf6 6. d3 e6 7. Bg2 Be7 8. O-O O-O 9. a3 Qb6 10. Rb1 Ng4 11. h3 c4+ 12. d4 Nf6 13. Be3 Rd8 14. Qe2 d5 15. exd5 exd5 16. Qd2 Qa5 17. Ne5 Bd6 18. Nxc6 bxc6 19. Nxd5 Qb5 20. Nxf6+ gxf6 21. Qe2 Be6 22. c3 Bf5 23. Rbe1 Bd3 24. Qg4+ Kh8 25. Rf2 f5 26. Qh5 Rg8 27. Qxf7 Rg6 28. Kh2 Rag8 29. Bxc6 Qxc6 30. d5 Qa8 31. Bd4+ Be5 32. Bxe5+ R6g7 33. Bxg7+ Rxg7 34. Re8+   {Black resigns} 1-0

[Event "Team 45 45 League T29"]
[Site "Free Internet Chess Server"]
[Date "2005.12.27"]
[Round "2"]
[White "AlefZero"]
[Black "nitedozer"]
[Result "1-0"]
[WhiteElo "2209"]
[BlackElo "1885"]
[TimeControl "2700+45"]

1. e4 d6 2. d4 Nf6 3. Nc3 c6 4. a4 a5 5. g3 Bg4 6. f3 Bh5 7. Bg2 e6 8. g4 Bg6 9. f4 h6 10. f5 exf5 11. exf5 Bh7 12. h3 d5 13. Bf4 Nh5 14. Qe2+ Kd7 15. gxh5 Qh4+ 16. Qf2 Qxh5 17. Bf3   {Black resigns} 1-0

[Event "Team 45 45 League T29"]
[Site "Free Internet Chess Server"]
[Date "2005.12.26"]
[Round "2"]
[White "wester"]
[Black "Zupa"]
[Result "1-0"]
[WhiteElo "1960"]
[BlackElo "2079"]
[TimeControl "2700+45"]

1. c4 c5 2. g3 Nc6 3. Bg2 Nf6 4. Nc3 e5 5. e4 d6 6. Nge2 Be7 7. O-O O-O 8. f4 exf4 9. gxf4 Bg4 10. d3 Nd7 11. f5 Bf6 12. Be3 Nde5 13. Qd2 Nb4 14. Nc1 a6 15. a3 Nbc6 16. Nd5 Nd7 17. h3 Bh5 18. Nf4 g6 19. Nxh5 gxh5 20. Bh6 Re8 21. Qe2 Qe7 22. Qxh5 Bxb2 23. Rb1 Bd4+ 24. Kh1 Rab8 25. Ne2 Be5 26. Nf4 Bxf4 27. Qg4+ Bg5 28. Bxg5 Nde5 29. Qg3   {Black resigns} 1-0

[Event "Team 45 45 League T29"]
[Site "Free Internet Chess Server"]
[Date "2005.12.25"]
[Round "2"]
[White "nham"]
[Black "PGierech"]
[Result "1-0"]
[WhiteElo "1916"]
[BlackElo "1775"]
[TimeControl "2700+45"]

1. e4 Nf6 2. e5 Nd5 3. d4 d6 4. c4 Nb6 5. exd6 cxd6 6. Nc3 Bf5 7. Be3 e6 8. b3 Be7 9. Bd3 Bg6 10. Nf3 N8d7 11. Rc1 Rc8 12. O-O Nf6 13. Re1 Bxd3 14. Qxd3 O-O 15. Red1 d5 16. c5 Nbd7 17. b4 a6 18. a4 Qc7 19. Rc2 Rfd8 20. Rdc1 e5 21. Nxe5 Nxe5 22. dxe5 Qxe5 23. Bd4 Qg5 24. Re1 Rd7 25. Rce2 Re8 26. Bxf6 Qxf6 27. Nxd5 Qg5 28. Nxe7+ Rdxe7 29. Rxe7   {Black resigns} 1-0

[Event "Team 45 45 League T29"]
[Site "Free Internet Chess Server"]
[Date "2005.12.28"]
[Round "2"]
[White "tomito"]
[Black "trajanus"]
[Result "1/2-1/2"]
[WhiteElo "1875"]
[BlackElo "2048"]
[TimeControl "2700+45"]

1. d4 Nf6 2. c4 g6 3. Nc3 Bg7 4. Bf4 d6 5. e3 O-O 6. Nf3 Nbd7 7. Bd3 Re8 8. O-O e5 9. dxe5 dxe5 10. Bg5 c6 11. Bc2 Qb6 12. b3 Nc5 13. e4 Qa5 14. Bd2 Qc7 15. b4 Ne6 16. Be3 Ng4 17. Re1 Nd4 18. h3 Nxe3 19. Rxe3 Be6 20. Bb3 Rad8 21. Rd3 Rd7 22. Nxd4 exd4 23. Ne2 Red8 24. Qd2 f5 25. Nf4 Bf7 26. exf5 gxf5 27. c5 Bh6 28. Rg3+ Kh8 29. Ng6+ Bxg6 30. Qxh6 Rg7 31. Re1 d3   {Game drawn by mutual agreement} 1/2-1/2

[Event "Team 45 45 League T29"]
[Site "Free Internet Chess Server"]
[Date "2005.12.21"]
[Round "2"]
[White "zota"]
[Black "Enz"]
[Result "0-1"]
[WhiteElo "1972"]
[BlackElo "1850"]
[TimeControl "2700+45"]

1. e4 d6 2. d4 Nf6 3. Nc3 g6 4. h3 Bg7 5. Nf3 c6 6. Bf4 Qa5 7. Qd2 Nbd7 8. Bd3 b5 9. O-O b4 10. Ne2 c5 11. e5 Nh5 12. e6 fxe6 13. a3 Nxf4 14. Nxf4 Nf6 15. axb4 Qxb4 16. c3 Qb6 17. Qe2 O-O 18. Nxe6 Bxe6 19. Qxe6+ Kh8 20. Ng5 Qxb2 21. Nf7+ Rxf7 22. Qxf7 Qxc3 23. Rfd1 Rf8 24. Qxe7 Nd5 25. Qxd6 Qxd4 26. Ra2 Nc3 27. Qxd4 Bxd4 28. Rdd2 Nxa2 29. Rxa2 Rf7 30. Kf1 a5 31. f3 Bc3 32. Ke2 Re7+ 33. Be4 Rd7 34. h4 Kg7 35. g4 h6 36. h5 gxh5 37. gxh5 Kf6 38. Bc6 Rd6 39. Be4 Kg5 40. Bg6 Kf4 41. Ra4+ Rd4 42. Rxd4+ Bxd4 43. Kd3 Kxf3 44. Kc4 a4 45. Bc2 a3 46. Kb3 Bb2 47. Ka2 c4 48. Kb1 Ke3 49. Bg6 Kd2 50. Bf7 Kc3 51. Be6 Kb3 52. Bf7 a2#   {White checkmated} 0-1

[Event "Team 45 45 League T29"]
[Site "Free Internet Chess Server"]
[Date "2005.12.28"]
[Round "2"]
[White "Gnam"]
[Black "RoZa"]
[Result "0-1"]
[WhiteElo "1879"]
[BlackElo "1897"]
[TimeControl "2700+45"]

1. e4 e5 2. Nf3 d6 3. d4 Nf6 4. dxe5 Nxe4 5. Nbd2 Nc5 6. Nc4 d5 7. Bg5 Be7 8. Bxe7 Kxe7 9. Ne3 c6 10. Nd4 Re8 11. Qh5 h6 12. O-O-O Kf8 13. f4 Ne6 14. g3 Nxd4 15. Rxd4 Na6 16. c3 Nc5 17. h4 Ne4 18. Qf3 Qa5 19. Kb1 Qb6 20. Ka1 a5 21. Rh2 Qc5 22. Nd1 b5 23. Bd3 f5 24. Bxe4 dxe4 25. Qe3 Be6 26. Rxe4 Qd5 27. Qc5+ Qxc5 28. Rd4 Red8 29. Rhd2 Ke7 30. Ne3 Rxd4 31. Rxd4 Rd8 32. Nc2 Rxd4 33. Nxd4 Qc4   {White resigns} 0-1

[Event "Team 45 45 League T29"]
[Site "Free Internet Chess Server"]
[Date "PST.01.0"]
[Round "2"]
[White "Rockazb"]
[Black "danijelo"]
[Result "1-0"]
[WhiteElo "1806"]
[BlackElo "1826"]
[TimeControl "2700+45"]

1. e4 c6 2. d4 d5 3. exd5 cxd5 4. Bd3 Nf6 5. Ne2 g6 6. O-O Bg7 7. c3 O-O 8. Bf4 Nbd7 9. Qd2 Nh5 10. Bh6 Ndf6 11. f3 Qc7 12. g4 Bxh6 13. Qxh6 Bxg4 14. Qg5 Bh3 15. Rf2 Rfe8 16. Nd2 e5 17. Qh4 Bd7 18. Ng3 exd4 19. Qxd4 Re6 20. Nxh5 Nxh5 21. f4 b6 22. f5 Re7 23. fxg6 hxg6 24. Bxg6 Ng7 25. Qh4 fxg6 26. Qxe7 Re8 27. Qf7+ Kh8 28. Qxg6 Qe5 29. Raf1 Qe3 30. Kh1 Ne6 31. Qh5+ Kg8 32. Rg2+ Ng7 33. Qf7+ Kh7 34. Qxg7#   {Black checkmated} 1-0

[Event "Team 45 45 League T29"]
[Site "Free Internet Chess Server"]
[Date "2005.12.22"]
[Round "2"]
[White "atilano"]
[Black "HotDonut"]
[Result "1-0"]
[WhiteElo "2042"]
[BlackElo "1966"]
[TimeControl "2700+45"]

1. e4 c6 2. d4 d5 3. exd5 cxd5 4. c4 Nf6 5. Nc3 e6 6. Nf3 Bb4 7. cxd5 Nxd5 8. Qc2 Nc6 9. Bd3 Ba5 10. Be4 Nxc3 11. bxc3 Nxd4 12. Qa4+ Nc6 13. O-O O-O 14. Ba3 Re8 15. Rfd1 Bd7 16. Rxd7 Qxd7 17. Bxc6 Qxc6 18. Qxa5 b6 19. Qb4 Rac8 20. Rc1 Red8 21. h3 f6 22. Nd4 Qd5 23. Qb3 e5 24. Qxd5+ Rxd5 25. Nf5 Ra5 26. Bb4   {Black resigns} 1-0

[Event "Team 45 45 League T29"]
[Site "Free Internet Chess Server"]
[Date "2005.12.28"]
[Round "2"]
[White "Nemisis"]
[Black "Amauta"]
[Result "0-1"]
[WhiteElo "1887"]
[BlackElo "1872"]
[TimeControl "2700+45"]

1. e4 c5 2. Nf3 Nc6 3. d4 cxd4 4. Nxd4 e5 5. Nb5 d6 6. c4 h6 7. Be3 Nf6 8. f3 Be6 9. N1c3 a6 10. Na3 Be7 11. Nc2 O-O 12. Qd2 Ne8 13. g4 Bh4+ 14. Bf2 Qf6 15. Bxh4 Qxh4+ 16. Qf2 Qxf2+ 17. Kxf2 Rc8 18. Nd5 Bxd5 19. cxd5 Ne7 20. Ne3 Nf6 21. Bd3 Rc7 22. Nf5 Nxf5 23. gxf5 Rfc8 24. Rag1 Nh5 25. h4 Nf4 26. Bb1 Kf8 27. h5 b5 28. Ke3 Rc2 29. Bxc2 Rxc2 30. Re1 Rxb2   {White resigns} 0-1

[Event "Team 45 45 League T29"]
[Site "Free Internet Chess Server"]
[Date "2005.12.29"]
[Round "2"]
[White "hugozver"]
[Black "mandragora"]
[Result "1-0"]
[WhiteElo "1802"]
[BlackElo "1839"]
[TimeControl "2700+45"]

1. e4 e5 2. Bc4 Bc5 3. Nc3 Nf6 4. d3 h6 5. Nf3 d6 6. Na4 Bb6 7. Nxb6 axb6 8. O-O Nc6 9. c3 O-O 10. Bb3 d5 11. exd5 Nxd5 12. h3 Re8 13. Re1 Bf5 14. Ba4 Qd6 15. d4 exd4 16. Rxe8+ Rxe8 17. Nxd4 Bd7 18. Bxc6 Bxc6 19. c4 Nf4 20. Bxf4 Qxf4 21. Nxc6 bxc6 22. Qd3 Qf6 23. Rb1 Rd8 24. Qe2 Qd4 25. Kf1 Kf8 26. Re1 Qd6 27. Kg1 c5 28. b3 Qd7 29. Qe4 Re8 30. Qxe8+ Qxe8 31. Rxe8+ Kxe8 32. Kf1 Ke7 33. Ke2 Ke6 34. Ke3 c6 35. f4 f5 36. g3 g6 37. h4 h5 38. Kd3 Kd6 39. Kc3 Ke6 40. b4 Kd6 41. a4 cxb4+ 42. Kxb4 Kc7 43. c5 Kb7 44. cxb6 Kxb6 45. a5+   {Black resigns} 1-0

[Event "Team 45 45 League T29"]
[Site "Free Internet Chess Server"]
[Date "2005.12.26"]
[Round "2"]
[White "jjgsmm"]
[Black "clarinetref"]
[Result "1-0"]
[WhiteElo "1639"]
[BlackElo "1532"]
[TimeControl "2700+45"]

1. e4 d6 2. d4 Nf6 3. Nc3 g6 4. Be2 Bg7 5. Be3 O-O 6. Qd2 Re8 7. Bh6 Bh8 8. h3 e5 9. dxe5 dxe5 10. Qxd8 Rxd8 11. Nf3 Nc6 12. Bb5 Nd4 13. O-O-O c6 14. Bd3 Ne8 15. Nxd4 exd4 16. Ne2 Be6 17. Kb1 c5 18. Nf4 Bd7 19. Nd5 Bg7 20. Bg5 f6 21. Bd2 Bc6 22. Bc4 Kh8 23. f3 b5 24. Ne7 Bd7 25. Bd5 Rab8 26. Ba5 Rb6 27. Bxb6 axb6 28. Nc6 Rc8 29. Nxd4 cxd4 30. Rxd4 Nc7 31. Bb7 Rd8 32. Rhd1 Ne6 33. Rxd7 Rxd7 34. Rxd7 Kg8 35. Bd5   {Black resigns} 1-0

[Event "Team 45 45 League T29"]
[Site "Free Internet Chess Server"]
[Date "2005.12.30"]
[Round "2"]
[White "xplan"]
[Black "TedR"]
[Result "1/2-1/2"]
[WhiteElo "1519"]
[BlackElo "1535"]
[TimeControl "2700+45"]

1. e4 c5 2. Nf3 d6 3. d4 cxd4 4. Nxd4 Nf6 5. Nc3 a6 6. Bc4 e6 7. Bg5 Be7 8. Bxf6 Bxf6 9. O-O Qb6 10. Nb3 Nc6 11. Qxd6 Be5 12. Qd2 O-O 13. Na4 Qc7 14. f4 Rd8 15. Bd3 Bf6 16. e5 Be7 17. a3 b5 18. Nac5 Qa7 19. Qf2 Rd5 20. Ne4 Qxf2+ 21. Rxf2 Bb7 22. Ng5 Bxg5 23. fxg5 Rxe5 24. Raf1 Rf8 25. h4 Ne7 26. Nd2 g6 27. c4 Nf5 28. Bxf5 exf5 29. cxb5 axb5 30. h5 Rd8 31. hxg6 fxg6 32. Rc1 Red5 33. Nb3 Rd1+ 34. Rf1 Rxf1+ 35. Kxf1 Rc8 36. Rxc8+ Bxc8 37. g3 Kf7 38. Kf2 Ke6 39. Nd4+ Kd5 40. Nxb5 Kc5 41. Nc3 Kc4 42. Ke3 Kb3 43. Nd1   {Game drawn by mutual agreement} 1/2-1/2

[Event "Team 45 45 League T29"]
[Site "Free Internet Chess Server"]
[Date "2005.12.26"]
[Round "2"]
[White "MegaSkins"]
[Black "chesstalker"]
[Result "1-0"]
[WhiteElo "1379"]
[BlackElo "1447"]
[TimeControl "2700+45"]

1. d4 d5 2. c4 e6 3. Nc3 Nf6 4. Nf3 Be7 5. e3 Nbd7 6. Bd3 b6 7. Qc2 Bb7 8. O-O c5 9. Bd2 a6 10. Rac1 Bd6 11. cxd5 exd5 12. Rfe1 O-O 13. Ng5 g6 14. dxc5 bxc5 15. e4 Ne5 16. Nxd5 Nxd3 17. Qxd3 Be5 18. Rxc5 Qd6 19. Rc7 Nxd5 20. Rxb7 Bxh2+ 21. Kf1 Nb4 22. Qxd6 Bxd6 23. Bxb4 Bf4 24. Bxf8 Kxf8 25. Rxf7+ Kg8 26. Rxf4   {Black resigns} 1-0

[Event "Team 45 45 League T29"]
[Site "Free Internet Chess Server"]
[Date "PST.01.0"]
[Round "2"]
[White "thelovegambit"]
[Black "LLIAMAH"]
[Result "0-1"]
[WhiteElo "1571"]
[BlackElo "1717"]
[TimeControl "2700+45"]

1. d4 Nf6 2. Nf3 e6 3. e3 d5 4. Bd3 c5 5. c3 c4 6. Bc2 Nc6 7. Nbd2 Bd6 8. O-O O-O 9. Re1 e5 10. e4 exd4 11. e5 d3 12. Ba4 Nxe5 13. Nxe5 Qc7 14. Ndf3 a6 15. Qd2 Ne4 16. Qf4 f6 17. Qg4 Bxg4   {White resigns} 0-1

[Event "Team 45 45 League T29"]
[Site "Free Internet Chess Server"]
[Date "PST.01.0"]
[Round "2"]
[White "Vinoblanca"]
[Black "ahorse"]
[Result "0-1"]
[WhiteElo "1522"]
[BlackElo "1526"]
[TimeControl "2700+45"]

1. d4 Nf6 2. c4 g6 3. Nc3 Bg7 4. Nf3 O-O 5. Bf4 Nh5 6. Bg5 h6 7. Bd2 d6 8. Qc1 Kh7 9. g3 c5 10. dxc5 dxc5 11. Qc2 Bf5 12. e4 Bg4 13. Bg2 Qc8 14. h3 Be6 15. b3 Nc6 16. O-O-O Nb4 17. Qb1 Rd8 18. Bf1 Qc7 19. Be2 Qa5 20. a4 a6 21. Na2 Nxa2+ 22. Qxa2 Qc7 23. Qc2 b5 24. a5 bxc4 25. Bxc4 Bxc4 26. Qxc4 Rdb8 27. Kc2 Qb7 28. Qxf7 Qxe4+ 29. Kc1 Rxb3 30. Qxb3 Ra7 31. Nh4 Rb7 32. Qc2 Bb2+ 33. Qxb2 Rxb2 34. Kxb2 Nf6 35. Rhe1 Qb7+ 36. Kc3 Nd5+ 37. Kc4 Qc6 38. Bc3 e6 39. Re5 Qb5#   {White checkmated} 0-1

[Event "Team 45 45 League T29"]
[Site "Free Internet Chess Server"]
[Date "2005.12.24"]
[Round "2"]
[White "SamuraiGoroh"]
[Black "SuperDiman"]
[Result "1-0"]
[WhiteElo "1564"]
[BlackElo "1464"]
[TimeControl "2700+45"]

1. e4 d5 2. exd5 Qxd5 3. Nc3 Qa5 4. a3 c6 5. h3 e6 6. Bd3 Nf6 7. Nge2 Nbd7 8. O-O Bd6 9. b3 Nd5 10. Bb2 Ne5 11. b4 Qc7 12. Nxd5 cxd5 13. Bb5+ Bd7 14. Bxd7+ Qxd7 15. Bxe5 Bxe5 16. d4 Bd6 17. c3 O-O 18. Nc1 Qc7 19. Qf3 Rac8 20. Na2 a5 21. Rac1 Bf4 22. Rc2 axb4 23. axb4 Bd6 24. g3 e5 25. Qxd5 exd4 26. f4 dxc3 27. Rxc3 Qb6+ 28. Kg2 Rxc3 29. Nxc3 Qxb4 30. Ne4 Qb2+ 31. Rf2 Qb6 32. Qxd6 Qxd6 33. Nxd6 Rb8 34. Rc2 f6 35. Kf3 Kf8 36. Rc7 b6 37. Rb7 Rxb7 38. Nxb7 Ke7 39. Ke4 Ke6 40. f5+ Kd7 41. Kd5 g6 42. g4 g5 43. Nd6 Ke7 44. Nc8+ Kd7 45. Nxb6+ Ke7 46. Nc4 Kd7 47. Nd2 Ke7 48. Kc6 Kf7 49. Kd6 Kg7 50. Ne4 Kf7 51. Kd7 h6 52. Nd6+ Kg7 53. Ke6   {Black resigns} 1-0

[Event "Team 45 45 League T29"]
[Site "Free Internet Chess Server"]
[Date "2005.12.22"]
[Round "2"]
[White "reijo"]
[Black "maglover"]
[Result "1-0"]
[WhiteElo "1480"]
[BlackElo "1514"]
[TimeControl "2700+45"]

1. d4 d5 2. c4 c6 3. Nc3 Nf6 4. Nf3 Bf5 5. e3 e6 6. Be2 Be7 7. O-O O-O 8. Nh4 Ne4 9. Nxf5 Nxc3 10. Nxe7+ Qxe7 11. bxc3 Nd7 12. a4 Nb6 13. Ba3 Qf6 14. Bxf8 Rxf8 15. Qb3   {Black resigns} 1-0